 Dungeon Crawl Stone Soup version 0.30-a0-715-gdb4ae3ece1 (webtiles) character file.

Game seed: 10655342280115581726

14 browni3141 the Caller (level 2, -2/26 HPs)
             Began as a Naga Summoner on Jan 24, 2023.
             Slain by an adder (3 damage)
             ... on level 2 of the Dungeon.
             The game lasted 00:01:29 (1052 turns).

browni3141 the Caller (Naga Summoner)               Turns: 1052, Time: 00:01:29

Health: -2/26      AC:  1    Str: 10    XL:     2   Next: 45%
Magic:  4/5        EV:  9    Int: 15    God:
Gold:   29         SH:  0    Dex: 11    Spells: 4/5 levels left

rFire   . . .      SeeInvis +    (no weapon)
rCold   . . .      Faith    .    (no shield)
rNeg    . . .      Spirit   .    a - +0 robe
rPois   +          Reflect  .    (no helmet)
rElec   .          Harm     .    (no cloak)
rCorr   .          Rampage  .    (no gloves)
Will    .....                    (no barding)
Stlth   ++                       (no amulet)
HPRegen 0.24/turn                (no ring)
MPRegen 0.09/turn                (no ring)

@: lethally poisoned (-2 -> -7), very slow
A: AC +0, large, see invisible, deformed body, poison resistance, slowness 2,
spit poison 1, naga tail 1
a: Spit Poison


You were on level 2 of the Dungeon.
You visited 1 branch of the dungeon, and saw 2 of its levels.

You collected 29 gold pieces.

Inventory:

Armour
 a - a +0 robe (worn)
Scrolls
 c - a scroll of poison {unknown}
 d - a scroll of noise {unknown}
 e - a scroll of teleportation {unknown}
 f - a scroll of identify {unknown}
Potions
 b - a potion of magic


   Skills:
 * Level 2.0 Fighting
 - Level 1.5 Dodging
 - Level 3.0 Stealth
 - Level 2.0 Spellcasting
 - Level 4.0 Summonings


You had 4 spell levels left.
You knew the following spells:

 Your Spells              Type           Power      Damage    Failure   Level
a - Summon Small Mammal   Summ           52%        N/A       4%          1

Your spell library contained the following spells:

 Spells                   Type           Power      Damage    Failure   Level
 Call Imp                 Summ           13%        N/A       6%          2
 Call Canine Familiar     Summ           13%        N/A       13%         3
 Summon Guardian Golem    Hex/Summ       7%         N/A       28%         3
 Summon Lightning Spire   Summ/Air       7%         N/A       67%         4
 Manifold Assault         Tloc           1%         N/A       91%         4
 Dispersal                Tloc           0%         N/A       100%        6
 Disjunction              Tloc           0%         N/A       100%        8


Dungeon Overview and Level Annotations

Branches:
Dungeon (2/15)

Altars:


Innate Abilities, Weirdness & Mutations

Your serpentine skin is tough. (AC +0)
You have supernaturally acute eyesight. (SInv)
Armour fits poorly on your strangely shaped body.
Your system is resistant to poisons. (rPois)
You cover ground very slowly.
You can spit poison.
You have a snake-like lower body.


Message History

The adder barely misses you.
Your rat barely misses the goblin.
Your bat barely misses the adder.
You miss the adder.
The adder is lightly wounded.
Your bat closely misses the goblin.
The goblin barely misses you. The ball python barely misses you.
The adder bites you.
Your rat barely misses the goblin.
You barely miss the ball python.
Your bat barely misses the goblin.
The adder bites you. The goblin hits you with a +0 club.
The ball python barely misses you.
Your rat bites the goblin.
The goblin dies!
You barely miss the ball python.
You have got your breath back.
The adder barely misses you. The ball python barely misses you.
An endoplasm comes into view.
The adder bites you.
Your rat bites the ball python.
Your bat hits the ball python. The ball python closely misses you.
Your bat hits the ball python.
The ball python dies!
Your rat closely misses the adder.
The adder bites you.
You are poisoned.
The adder poisons you!
You feel sick.
Your bat barely misses the adder.
The adder bites you.
* * * LOW HITPOINT WARNING * * *
You are lethally poisoned!
The adder poisons you!
Your rat bites the adder.
You hit the adder but do no damage.
The adder is almost dead.
* * * LOW HITPOINT WARNING * * *
You feel sick.
The adder looks more healthy.
Your bat closely misses the adder.
The adder bites you.
* * * LOW HITPOINT WARNING * * *
Your rat misses the adder. The adder closely misses you.
Okay, then.
You barely miss the adder.
The adder is almost dead.
* * * LOW HITPOINT WARNING * * *
You feel sick.
Your bat misses the adder.
Your rat closely misses the adder.
The endoplasm barely misses your bat. The adder bites you.
You die...

........#
........#
.........#
..........
.........#
.........#
.........#
.......r@#
....J.)S.#
....b....#
.........##
#######...#######.
#.#.........
#...#######( ##<##
#)#


You could see an adder (ally target), an endoplasm, a friendly bat (summoned)
and a friendly rat (summoned).

Vanquished Creatures
  2 bats (D:1)
  3 rats (D:1)
5 creatures vanquished.

Vanquished Creatures (collateral kills)
  3 goblins
  A kobold (D:1)
  A quokka (D:1)
  A ball python (D:2)
  2 bats (D:1)
  2 rats (D:1)
10 creatures vanquished.

Grand Total: 15 creatures vanquished

Notes
Turn   | Place    | Note
-------+----------+-------------------------------------------
     0 | D:1      | browni3141 the Naga Summoner began the quest for the Orb.
     0 | D:1      | Reached XP level 1. HP: 15/15 MP: 3/3
   156 | D:1      | Reached skill level 1 in Fighting
   337 | D:1      | Reached XP level 2. HP: 16/25 MP: 1/5
  1051 | D:2      | HP: 1/26 [adder (1)]
  1052 | D:2      | Slain by an adder

Illustrated notes

Levels and vault maps discovered:
D:1:      roderic_octagonal_star, layout_basic
D:2:      layout_loops_corners, wad_floor_pattern_2

Skill      XL: |  1  2 |
---------------+-------+-----
Fighting       | 1 2 |  2.0
Dodging        | |  1.5
Stealth        | |  3.0
Spellcasting   | |  2.0
Summonings     | |  4.0

Action                     || total
---------------------------++-------
  Melee: Unarmed           ||    42
   Cast: Summon Small Mamm ||    22
Ability: Spit Poison       ||     2
   Stab: Sleeping          ||     2
 Armour: Robe              ||    20
  Dodge: Dodged            ||    50

Table legend: (Time is in decaauts)
 A = Elapsed time spent in this place.
 B = Non-inter-level travel time spent in this place.
 C = Inter-level travel time spent in this place.
 D = Time resting spent in this place.
 E = Time spent auto-exploring this place.
 F = Levels seen in this place.
 G = Mean time per level.
                   A        B        C        D        E       F      G
               +--------+--------+--------+--------+--------+-----+--------+
         Total |   1327 |   1285 |     42 |     21 |   1072 |   2 |  663.5 |
       Dungeon |   1327 |   1285 |     42 |     21 |   1072 |   2 |  663.5 |
               +--------+--------+--------+--------+--------+-----+--------+

Top non-repeatable levels by time:
     D:1: 1306 daAuts
     D:2: 21 daAuts
